[Event "Titled Tuesday Blitz May 30 Late 2023"]
[White "Aldokhin, Ivan"]
[Black "Thomforde-Toates, Noah"]
[WhiteFideId "24115720"]
[BlackFideId "30951992"]
[WhiteElo "2322"]
[BlackElo "2763"]
[Result "0-1"]
[Round "10"]
[TimeControl "180+2"]
[Date "2023.05.31"]
[WhiteClock "0:00:01"]
[BlackClock "0:00:16"]

1. e4 d6 2. d4 Nf6 3. Nc3 e5 4. dxe5 dxe5 5. Qxd8+ Kxd8 6. Nf3 Bd6 7. Bg5 Be6 8. O-O-O Ke7 9. Nd5+ Bxd5 10. exd5 h6 11. Bh4 Nd7 12. Bb5 g5 13. Bg3 e4 14. Nd4 Bxg3 15. Nf5+ Kf8 16. hxg3 Nb6 17. d6 c6 18. Be2 h5 19. g4 h4 20. g3 h3 21. Rh2 Rd8 22. Rdh1 Nc8 23. Rxh3 Rxh3 24. Rxh3 Nxd6 25. Rh8+ Ng8 26. Ne3 Kg7 27. Rh5 f6 28. Rh1 Ne7 29. Rd1 Nf7 30. Re1 Nd6 31. Nc4 Nd5 32. Bf1 Nxc4 33. Bxc4 Re8 34. Bxd5 cxd5 35. Kd2 Kf7 36. Ke3 Ke6 37. Kd4 Rc8 38. c3 Rc4+ 39. Ke3 Ke5 40. Rd1 b5 41. a3 a5 42. Rd4 Rc8 43. Rd1 Rb8 44. Rh1 b4 45. axb4 axb4 46. Rh7 bxc3 47. bxc3 Rb3 48. Kd2 Rb2+ 49. Ke3 Rc2 50. Rc7 Kd6 51. Rc8 Kd7 52. Rc5 Ke6 53. Rc8 Rc1 54. Kd4 Rd1+ 55. Kc5 Rd3 56. Re8+ Kd7 57. Rf8 Ke7 58. Rh8 Rxc3+ 59. Kxd5 e3 60. fxe3 Rxe3 61. Rh7+ Kf8 62. Rc7 Rxg3 63. Ke6 Rxg4 64. Kxf6 Ke8 65. Kg6 Rg1 0-1


[Site "https://www.chess.com"]

[Event "Titled Tuesday Blitz May 30 Late 2023"]
[White "Rastbod, Ali"]
[Black "Martic, Ivan"]
[WhiteFideId "12567477"]
[BlackFideId "929301"]
[WhiteElo "2274"]
[BlackElo "2360"]
[Result "0-1"]
[Round "10"]
[TimeControl "180+2"]
[Date "2023.05.31"]
[WhiteClock "0:00:04"]
[BlackClock "0:00:07"]

1. d4 Nf6 2. Nf3 g6 3. Bg5 Bg7 4. c3 O-O 5. Nbd2 h6 6. Bh4 d6 7. e4 c5 8. dxc5 dxc5 9. Bc4 Nc6 10. O-O g5 11. Bg3 Nh5 12. Re1 Nxg3 13. hxg3 Qc7 14. Qe2 a6 15. a4 Bg4 16. Qe3 Na5 17. Bd5 e6 18. Ba2 c4 19. e5 Bf5 20. Nd4 Bd3 21. f4 gxf4 22. gxf4 Qb6 23. b4 cxb3 24. Bxb3 Nxb3 25. N4xb3 Qxe3+ 26. Rxe3 Rfd8 27. Nc5 Bg6 28. Nc4 Rdc8 29. Nb6 Rxc5 30. Nxa8 Bf8 31. Nb6 Rc7 32. a5 Bc5 33. Kf2 Bxe3+ 34. Kxe3 Rxc3+ 35. Kf2 Rc2+ 36. Kf3 Rc3+ 37. Kf2 Be4 38. Rd1 Rc2+ 39. Ke3 Bxg2 40. Nd7 Kg7 41. Nf6 Ra2 42. Rd8 Kg6 43. Rg8+ Kf5 44. Rh8 Rxa5 45. Rxh6 Ra3+ 46. Kf2 Ra2+ 47. Kg3 Bf1 48. Rh5+ Kg6 49. Rg5+ Kh6 50. Ng8+ Kh7 51. Nf6+ Kh6 52. Kf3 Be2+ 53. Ke3 a5 54. Ng8+ Kh7 55. Nf6+ Kh6 56. Rg2 a4 57. Ne4 a3 58. Rxe2 Rxe2+ 59. Kxe2 a2 0-1


[Site "https://www.chess.com"]

[Event "Titled Tuesday Blitz May 30 Late 2023"]
[White "Timmermans, Mark"]
[Black "Naroditsky, Daniel"]
[WhiteFideId "1026399"]
[BlackFideId "2026961"]
[WhiteElo "2460"]
[BlackElo "2633"]
[Result "0-1"]
[Round "10"]
[TimeControl "180+2"]
[Date "2023.05.31"]
[WhiteClock "0:00:47"]
[BlackClock "0:01:07"]

1. b4 e5 2. Bb2 Bxb4 3. Bxe5 Nf6 4. Nc3 Be7 5. e3 d5 6. Nf3 O-O 7. Nb5 Na6 8. c4 c6 9. Nc3 Nc5 10. cxd5 Nxd5 11. Nxd5 Qxd5 12. Bd4 Bf5 13. Bxc5 Bxc5 14. Be2 Rad8 15. O-O Bd6 16. d4 Be4 17. Qb3 Qh5 18. h3 Rde8 19. Rfe1 Qg6 20. Qxb7 c5 21. Qxa7 cxd4 22. Qxd4 Be5 23. Qc4 Bxa1 24. Rxa1 Rc8 25. Qb5 Rc2 26. a4 h6 27. a5 Rfc8 28. a6 Rc1+ 29. Rxc1 Rxc1+ 30. Kh2 Qd6+ 31. Qe5 Qxe5+ 32. Nxe5 Rc2 33. Bd3 Bxd3 34. Nxd3 Ra2 35. Nb4 Ra4 36. Kg3 Rxb4 0-1


[Site "https://www.chess.com"]

[Event "Titled Tuesday Blitz May 30 Late 2023"]
[White "Deac, Bogdan-Daniel"]
[Black "Domingo Nunez, Ruben"]
[WhiteFideId "1226380"]
[BlackFideId "22245570"]
[WhiteElo "2649"]
[BlackElo "2404"]
[Result "1-0"]
[Round "10"]
[TimeControl "180+2"]
[Date "2023.05.31"]
[WhiteClock "0:01:17"]
[BlackClock "0:00:59"]

1. a4 g6 2. h4 Bg7 3. h5 d5 4. d4 Nc6 5. c3 e5 6. h6 Bf6 7. e3 e4 8. c4 Nge7 9. Nc3 O-O 10. cxd5 Nxd5 11. Nxe4 Bxd4 12. Bc4 Nb6 13. exd4 Nxc4 14. Ne2 Bf5 15. N4g3 Bg4 16. d5 Nb4 17. Qb3 Qxd5 18. Qxb4 Rfe8 19. Qc3 Ne5 20. O-O f6 21. Nf4 Qf7 22. Be3 g5 23. Nd3 Nc4 24. Bd4 Rf8 25. Ne4 1-0


[Site "https://www.chess.com"]

[Event "Titled Tuesday Blitz May 30 Late 2023"]
[White "Saveliev, Alexei"]
[Black "Zhigalko, Sergei"]
[WhiteFideId "24128546"]
[BlackFideId "13502956"]
[WhiteElo "2271"]
[BlackElo "2626"]
[Result "0-1"]
[Round "10"]
[TimeControl "180+2"]
[Date "2023.05.31"]
[WhiteClock "0:00:39"]
[BlackClock "0:00:37"]

1. c4 e5 2. Nc3 Nf6 3. Nf3 Nc6 4. e3 Bb4 5. Qc2 d6 6. Nd5 Ba5 7. a3 Nxd5 8. cxd5 Ne7 9. b4 Bb6 10. Bc4 O-O 11. Bb2 Bf5 12. Qb3 Qd7 13. h3 a5 14. Nh4 Be4 15. f3 Ng6 16. fxe4 Nxh4 17. O-O axb4 18. axb4 Rxa1 19. Bxa1 f5 20. Qc2 f4 21. Be2 fxe3 22. Rxf8+ Kxf8 23. dxe3 Bxe3+ 24. Kh1 Qf7 25. Bg4 Qf1+ 26. Kh2 Qg1+ 27. Kg3 Qe1+ 28. Kh2 Bf4+ 29. g3 Bxg3# 0-1


[Site "https://www.chess.com"]

[Event "Titled Tuesday Blitz May 30 Late 2023"]
[White "Korchmar, Vasiliy"]
[Black "Bryakin, Mikhail"]
[WhiteFideId "24131750"]
[BlackFideId "4165314"]
[WhiteElo "2370"]
[BlackElo "2467"]
[Result "1-0"]
[Round "10"]
[TimeControl "180+2"]
[Date "2023.05.31"]
[WhiteClock "0:00:34"]
[BlackClock "0:01:30"]

1. e4 d5 2. exd5 Qxd5 3. Nc3 Qe5+ 4. Be2 Bg4 5. d4 Bxe2 6. Ngxe2 Qa5 7. b4 Qh5 8. Bf4 e6 9. Bxc7 Bxb4 10. Rb1 Nc6 11. O-O Nge7 12. Qd3 O-O 13. Ne4 b6 14. a3 Ba5 15. Rb5 Qh6 16. Bf4 Qg6 17. Rg5 Qh6 18. Rxa5 Qxf4 19. Nxf4 Nxa5 20. Ng5 g6 21. Qh3 h5 22. Nxh5 Rfd8 23. Nf4 1-0


[Site "https://www.chess.com"]

[Event "Titled Tuesday Blitz May 30 Late 2023"]
[White "Lopez Mulet, Inigo"]
[Black "Tejedor Fuente, Enrique"]
[WhiteFideId "22235620"]
[BlackFideId "2299100"]
[WhiteElo "2289"]
[BlackElo "2496"]
[Result "1-0"]
[Round "10"]
[TimeControl "180+2"]
[Date "2023.05.31"]
[WhiteClock "0:00:50"]
[BlackClock "0:00:01"]

1. c4 c6 2. d4 d5 3. cxd5 cxd5 4. Bg5 Nc6 5. Nc3 h6 6. Bh4 g5 7. Bg3 Bg7 8. e3 Nf6 9. Bd3 O-O 10. h4 Bg4 11. f3 Bd7 12. hxg5 hxg5 13. Nh3 Bxh3 14. Rxh3 g4 15. fxg4 Ne4 16. Nxe4 dxe4 17. Bxe4 Qa5+ 18. Kf2 Rfd8 19. Qf3 Qd2+ 20. Kg1 Qxe3+ 21. Qxe3 Bxd4 22. Bf2 Bxe3 23. Bxe3 Ne5 24. Rh4 Nc4 25. Bf2 Nxb2 26. Rb1 Nd3 27. Be3 Rac8 28. Rb5 e5 29. Bg5 f6 30. Bxf6 Rd4 31. Rxb7 Rc1+ 32. Kh2 Rh1+ 33. Kxh1 Nf2+ 34. Kh2 Nxe4 35. Rh8# 1-0


[Site "https://www.chess.com"]

[Event "Titled Tuesday Blitz May 30 Late 2023"]
[White "Bjelobrk, Igor"]
[Black "Panesar Vedant"]
[WhiteFideId "4300726"]
[BlackFideId "35033018"]
[WhiteElo "2319"]
[BlackElo "2347"]
[Result "1-0"]
[Round "10"]
[TimeControl "180+2"]
[Date "2023.05.31"]
[WhiteClock "0:00:13"]
[BlackClock "0:00:10"]

1. d4 Nf6 2. c4 g6 3. Nc3 Bg7 4. e4 d6 5. Nf3 O-O 6. Be2 e5 7. d5 a5 8. Bg5 h6 9. Be3 Ng4 10. Bc1 f5 11. exf5 gxf5 12. g3 Na6 13. Nh4 Nf6 14. f4 Nc5 15. fxe5 dxe5 16. O-O Nfe4 17. Nxe4 Nxe4 18. Bd3 b6 19. Qe2 Nd6 20. Ng6 e4 21. Bc2 Ba6 22. Qh5 Bxc4 23. Bxh6 Bxf1 24. Rxf1 Qf6 25. Bg5 Qd4+ 26. Kh1 Rae8 27. Nxf8 Rxf8 28. Be7 Qc4 29. Rf2 e3 30. Re2 Qxd5+ 31. Kg1 Rf7 32. Bxd6 cxd6 33. Bb3 Qb7 34. Qxf5 Kf8 35. Bxf7 Qxf7 36. Qxf7+ Kxf7 37. Kg2 Bd4 38. Kf3 Kf6 39. Ke4 Bc5 40. h4 Ke6 41. Rxe3 d5+ 42. Kd3+ Bxe3 43. Kxe3 Kf5 44. Kd4 Kg4 45. Kxd5 Kxg3 46. h5 1-0


[Site "https://www.chess.com"]

[Event "Titled Tuesday Blitz May 30 Late 2023"]
[White "Matinian, Nikita"]
[Black "Bitoon, Richard"]
[WhiteFideId "24129100"]
[BlackFideId "5201110"]
[WhiteElo "2422"]
[BlackElo "2374"]
[Result "0-1"]
[Round "10"]
[TimeControl "180+2"]
[Date "2023.05.31"]
[WhiteClock "0:00:01"]
[BlackClock "0:00:03"]

1. e4 e5 2. Nf3 Nc6 3. d4 exd4 4. Nxd4 Nf6 5. Nxc6 bxc6 6. e5 Qe7 7. Qe2 Nd5 8. h4 d6 9. exd6 cxd6 10. a3 Bf5 11. c4 Nb6 12. Nc3 O-O-O 13. Be3 g6 14. g4 Be6 15. Bg2 Bxc4 16. Qf3 d5 17. O-O-O Bg7 18. Bg5 f6 19. Rhe1 Qf7 20. a4 Nd7 21. Rd4 Rhe8 22. Rxe8 Qxe8 23. Bf4 Nc5 24. Rxc4 dxc4 25. Be3 Nb3+ 26. Kb1 f5 27. Nb5 Qe4+ 28. Qxe4 fxe4 29. Nxa7+ Kb7 30. Bxe4 Nd2+ 31. Bxd2 Rxd2 32. Nxc6 Rxb2+ 33. Kc1 Rxf2 34. Ne5+ Ka6 35. Nxc4 Rf4 36. Bd3 Ka7 37. Be2 h5 38. gxh5 gxh5 39. Kc2 Rxh4 40. Kd3 Rd4+ 41. Ke3 h4 42. Na3 Rb4 43. Nb5+ Kb6 44. Nd6 Rxa4 45. Nf5 Bf6 46. Bf3 Bg5+ 47. Kf2 Rf4 48. Ne3 Kc5 49. Ng2 Ra4 50. Ne1 Kd4 51. Kg2 Ke5 52. Nd3+ Kf5 53. Nf2 Ra2 54. Bc6 Be3 0-1


[Site "https://www.chess.com"]

[Event "Titled Tuesday Blitz May 30 Late 2023"]
[White "Adewumi, Tanitoluwa"]
[Black "Bashirli, Nail"]
[WhiteFideId "30966396"]
[BlackFideId "13406809"]
[WhiteElo "2606"]
[BlackElo "2311"]
[Result "1-0"]
[Round "10"]
[TimeControl "180+2"]
[Date "2023.05.31"]
[WhiteClock "0:00:50"]
[BlackClock "0:00:48"]

1. e4 c5 2. Nf3 e6 3. c3 d5 4. exd5 exd5 5. d4 Nc6 6. Bb5 Nf6 7. O-O a6 8. Re1+ Be7 9. Bxc6+ bxc6 10. dxc5 O-O 11. Be3 a5 12. Nbd2 a4 13. b4 Ba6 14. Nd4 Qc8 15. Qxa4 Bb7 16. Qc2 Re8 17. Bf4 Qg4 18. Qf5 Qh4 19. Bg5 Qh5 20. N2f3 g6 21. Qf4 Ne4 22. Bxe7 Rxe7 23. Re3 Rae8 24. Rae1 g5 25. Nxg5 Nxg5 26. Rxe7 Rxe7 27. Qb8+ Kg7 28. Nf5+ Kf6 29. Nxe7 Ba6 30. Qe5# 1-0


[Site "https://www.chess.com"]

[Event "Titled Tuesday Blitz May 30 Late 2023"]
[White "Thorfinnsson, Bragi"]
[Black "Martinez Ramirez, Lennis"]
[WhiteFideId "2300958"]
[BlackFideId "3509079"]
[WhiteElo "2322"]
[BlackElo "2410"]
[Result "1-0"]
[Round "10"]
[TimeControl "180+2"]
[Date "2023.05.31"]
[WhiteClock "0:00:10"]
[BlackClock "0:00:03"]

1. d4 Nf6 2. Bf4 c5 3. d5 b5 4. f3 e6 5. dxe6 fxe6 6. e4 b4 7. Nh3 Nc6 8. a3 Be7 9. Bb5 Qb6 10. a4 Ba6 11. Bxa6 Qxa6 12. Qe2 Qxe2+ 13. Kxe2 Nd4+ 14. Kd2 d5 15. e5 Nd7 16. Bg3 g5 17. Re1 h5 18. Kc1 g4 19. fxg4 hxg4 20. Nf4 Bg5 21. Kd1 Rf8 22. Nd3 a5 23. Nf2 Nb6 24. b3 c4 25. Nxg4 cxb3 26. cxb3 Nxb3 27. Ra2 Nc4 28. Rf2 Kd7 29. h4 Be7 30. Nf6+ Kc6 31. h5 Nd4 32. h6 Nf5 33. Bf4 Bxf6 34. exf6 Rxf6 35. g4 Nfd6 36. g5 Rg6 37. Nd2 Nxd2 38. Kxd2 Ne4+ 39. Rxe4 dxe4 40. Ke3 Kd5 41. Rd2+ Kc4 42. Kxe4 b3 43. Rd7 b2 44. Rb7 Kc3 45. Be5+ Kc2 46. Rxb2+ Kc1 47. Rg2 Ra7 48. Bf6 Rh7 49. Rg1+ 1-0


[Site "https://www.chess.com"]

[Event "Titled Tuesday Blitz May 30 Late 2023"]
[White "Sun, Rick"]
[Black "Moral Garcia, Serafin"]
[WhiteFideId "30909481"]
[BlackFideId "2201925"]
[WhiteElo "2169"]
[BlackElo "2274"]
[Result "1-0"]
[Round "10"]
[TimeControl "180+2"]
[Date "2023.05.31"]
[WhiteClock "0:00:05"]
[BlackClock "0:00:14"]

1. e4 e5 2. Nf3 Nc6 3. Bb5 a6 4. Ba4 Nf6 5. O-O Be7 6. Re1 b5 7. Bb3 d6 8. c3 O-O 9. d4 Bg4 10. Be3 Bh5 11. Nbd2 d5 12. dxe5 Nxe5 13. exd5 Nxd5 14. Bd4 Nxf3+ 15. Nxf3 Nf6 16. Re5 Re8 17. Rxh5 Nxh5 18. Ne5 Nf6 19. Nxf7 Qb8 20. Qf3 Rf8 21. Ne5+ Kh8 22. Qe3 c5 23. Bxc5 Bxc5 24. Qxc5 Qa7 25. Qd6 Rad8 26. Nf7+ Qxf7 27. Qxd8 Rxd8 28. Bxf7 Rd2 29. Bb3 h6 30. Rd1 Rxb2 31. h3 a5 32. Rd8+ Kh7 33. Rb8 a4 34. Bxa4 Rxa2 35. Bxb5 Ne4 36. Bd3 Ra1+ 37. Kh2 Re1 38. Re8 Kg6 39. Rxe4 1-0


[Site "https://www.chess.com"]

[Event "Titled Tuesday Blitz May 30 Late 2023"]
[White "reevecanada"]
[Black "Goryachkina, Aleksandra"]
[BlackFideId "4147103"]
[WhiteElo "2507"]
[BlackElo "2471"]
[Result "1-0"]
[Round "10"]
[TimeControl "180+2"]
[Date "2023.05.31"]
[WhiteClock "0:01:18"]
[BlackClock "0:00:01"]

1. e4 c6 2. c4 d5 3. cxd5 cxd5 4. exd5 Nf6 5. Nf3 Nxd5 6. Nc3 Nc6 7. Bb5 g6 8. O-O Bg7 9. d4 O-O 10. Re1 Nb6 11. Bxc6 bxc6 12. h3 Be6 13. b3 c5 14. Bb2 cxd4 15. Ne4 Bf5 16. Ng3 Qd7 17. Bxd4 Rfd8 18. Bxg7 Kxg7 19. Qe2 e6 20. Ne5 Qb7 21. Qb2 f6 22. Nf3 Qf7 23. Ng5 Qd7 24. Nxf5+ exf5 25. Ne6+ Kf7 26. Nxd8+ Rxd8 27. Rac1 g5 28. Qc2 Kg6 29. Qc7 f4 30. Re7 Qxc7 31. Rcxc7 Rd1+ 32. Kh2 Nd5 33. Rg7+ Kf5 34. Rcd7 h5 35. Rd8 g4 36. hxg4+ hxg4 37. Rxa7 g3+ 38. fxg3 fxg3+ 39. Kxg3 Rd3+ 40. Kh2 1-0


[Site "https://www.chess.com"]

[Event "Titled Tuesday Blitz May 30 Late 2023"]
[White "Mujumdar, Sameer"]
[Black "Rosen, Eric"]
[WhiteFideId "2029707"]
[BlackFideId "2032562"]
[WhiteElo "2104"]
[BlackElo "2331"]
[Result "1-0"]
[Round "10"]
[TimeControl "180+2"]
[Date "2023.05.31"]
[WhiteClock "0:00:03"]
[BlackClock "0:00:01"]

1. d4 d5 2. Bf4 Nf6 3. e3 c5 4. Nf3 Nc6 5. c3 Qb6 6. Qb3 c4 7. Qxb6 axb6 8. Nbd2 Bf5 9. h3 h6 10. Be2 e6 11. O-O b5 12. a3 Nd7 13. Bc7 Rc8 14. Bh2 Nb6 15. b3 Kd7 16. a4 bxa4 17. bxc4 dxc4 18. Bxc4 Nxd4 19. cxd4 Nxc4 20. Rxa4 Nxd2 21. Nxd2 Bd3 22. Rfa1 Ba6 23. R4a2 Be7 24. Nf3 f6 25. Bg3 g5 26. Rb2 Rc6 27. Rd1 h5 28. d5 exd5 29. Rxd5+ Ke6 30. Rd1 Kf7 31. h4 gxh4 32. Nxh4 Rc5 33. Rd7 Rhc8 34. Kh2 Ke6 35. Rd4 Rc2 36. Rb6+ R8c6 37. Re4+ Kf7 38. Rb3 R2c4 39. Rxc4 Rxc4 40. Nf5 Bf8 41. Bd6 Ke6 42. Bxf8 Kxf5 43. f3 Rc2 44. e4+ Ke6 45. Ba3 Kd7 46. Kg3 Kc7 47. Bb2 Bf1 48. Bxf6 Rxg2+ 49. Kf4 Be2 50. e5 Bc4 51. Rc3 b5 52. e6 Kd6 53. e7 Kd7 54. Rc1 Re2 55. Rd1+ Kc7 56. Be5+ 1-0


[Site "https://www.chess.com"]

[Event "Titled Tuesday Blitz May 30 Late 2023"]
[White "Goncalves, Davi Sulzbacher"]
[Black "Gorovets, Andrey"]
[WhiteFideId "2154510"]
[BlackFideId "13504037"]
[WhiteElo "2182"]
[BlackElo "2459"]
[Result "0-1"]
[Round "10"]
[TimeControl "180+2"]
[Date "2023.05.31"]
[WhiteClock "0:00:06"]
[BlackClock "0:00:39"]

1. Nf3 c5 2. g3 g6 3. Bg2 Bg7 4. O-O Nc6 5. c4 e6 6. Nc3 d6 7. Rb1 Nge7 8. a3 b6 9. b4 Bb7 10. bxc5 dxc5 11. Ne4 Qd7 12. Bb2 e5 13. d3 Rb8 14. h4 h6 15. h5 g5 16. Nfd2 O-O 17. a4 Rbd8 18. Qb3 f5 19. Nxc5 bxc5 20. Ba3 Nb4 21. Bxb7 Qxb7 22. Bxb4 Qxb4 23. Qxb4 cxb4 24. Rxb4 Nc6 25. Rb7 Nd4 26. Re1 Rf7 27. Rxf7 Kxf7 28. Kf1 e4 29. e3 Nc2 30. Rb1 exd3 31. Rb7+ Kg8 32. Rxa7 Bc3 33. Nf3 g4 34. Nd4 Bxd4 35. exd4 Rxd4 0-1


[Site "https://www.chess.com"]

[Event "Titled Tuesday Blitz May 30 Late 2023"]
[White "Baidetskyi, Valentin"]
[Black "Kavutskiy, Konstantin"]
[WhiteFideId "14142317"]
[BlackFideId "2026384"]
[WhiteElo "2490"]
[BlackElo "2323"]
[Result "1/2-1/2"]
[Round "10"]
[TimeControl "180+2"]
[Date "2023.05.31"]
[WhiteClock "0:00:11"]
[BlackClock "0:00:05"]

1. e4 c5 2. Nf3 Nc6 3. Bb5 g6 4. O-O Bg7 5. Re1 Nf6 6. e5 Nd5 7. Na3 O-O 8. d3 Nc7 9. Bxc6 dxc6 10. Nc4 b6 11. a4 Be6 12. Qe2 Bd5 13. c3 Ne6 14. Ng5 b5 15. Nxe6 Bxe6 16. Nd2 Qd5 17. f4 Rfd8 18. Ne4 Bf5 19. Be3 c4 20. Nc5 cxd3 21. Qf2 h5 22. Red1 f6 23. axb5 cxb5 24. e6 Qc4 25. Bd4 b4 26. Rd2 bxc3 27. bxc3 Rab8 28. h3 Bh6 29. Kh2 Bxe6 30. Nxe6 Qxe6 31. Rxd3 Qf5 32. Rf3 Qd5 33. Re1 Kf7 34. Bxa7 Ra8 35. Bd4 Ra2 36. Re2 Rda8 37. Rfe3 Rxe2 38. Rxe2 Qc4 39. Qe3 Bxf4+ 40. Qxf4 Qxe2 41. Qg3 Ra2 42. h4 Qe6 43. Qf3 Rc2 44. Qg3 Qg4 45. Qxg4 hxg4 46. Kg3 f5 47. Be5 Ke6 48. Bd4 Kd5 49. Kf4 Rxg2 50. Kg5 Rh2 51. Kxg6 g3 52. Kxf5 g2 53. Kg4 e5 54. Bf2 e4 55. Kg3 Rh1 56. Kxg2 Ra1 57. h5 Ra2 58. Kg3 Kc4 59. Bd4 Kd3 60. Kf4 Rg2 61. h6 Rh2 62. Kg5 e3 63. Bxe3 Kxe3 64. c4 Kd4 65. Kg6 Kxc4 66. h7 Kd5 67. Kg7 Ke6 68. h8=Q Rxh8 69. Kxh8 1/2-1/2


[Site "https://www.chess.com"]

[Event "Titled Tuesday Blitz May 30 Late 2023"]
[White "Jarovinsky, Alexey"]
[Black "Shuvalov, Evgenij"]
[WhiteFideId "14115131"]
[BlackFideId "4187237"]
[WhiteElo "2446"]
[BlackElo "2080"]
[Result "0-1"]
[Round "10"]
[TimeControl "180+2"]
[Date "2023.05.31"]
[WhiteClock "0:00:02"]
[BlackClock "0:00:07"]

1. e4 e6 2. g3 d5 3. Bg2 c5 4. exd5 exd5 5. Nc3 Nf6 6. d3 h6 7. Nge2 Bg4 8. h3 Bxe2 9. Qxe2+ Be7 10. Qf3 Nc6 11. Nxd5 Nd4 12. Nxf6+ Bxf6 13. Qe4+ Kf8 14. Kd1 Nc6 15. Be3 Bd4 16. c3 Bxe3 17. Qxe3 Qd6 18. Re1 g6 19. Kc2 Kg7 20. Qf4 Qxf4 21. gxf4 Rhe8 22. Re3 Rac8 23. Rae1 Nd4+ 24. Kd2 Ne6 25. Kc2 b6 26. Bd5 Kf6 27. Bxe6 Rxe6 28. Rxe6+ fxe6 29. Re4 Rd8 30. Kd2 Rd5 31. Re3 Rh5 32. Rg3 Rh4 33. Ke3 Rh5 34. d4 c4 35. Kf3 Ra5 36. b3 Rxa2 37. bxc4 a5 38. Ke3 a4 39. Rg1 a3 40. Kd3 Rxf2 41. Ra1 a2 42. c5 bxc5 43. dxc5 Ke7 44. Kc4 Kd7 45. Kb5 Kc7 46. Kb4 Kc6 47. c4 h5 48. Re1 Rb2+ 49. Kc3 Rb1 50. Rxe6+ Kc7 51. Re7+ Kd8 52. Ra7 a1=Q+ 53. Rxa1 Rxa1 0-1


[Site "https://www.chess.com"]

[Event "Titled Tuesday Blitz May 30 Late 2023"]
[White "Mekhitarian, Krikor Sevag"]
[Black "Mortazavi, Ali"]
[WhiteFideId "2107660"]
[BlackFideId "401323"]
[WhiteElo "2604"]
[BlackElo "2339"]
[Result "0-1"]
[Round "10"]
[TimeControl "180+2"]
[Date "2023.05.31"]
[WhiteClock "0:00:04"]
[BlackClock "0:00:15"]

1. Nf3 Nf6 2. c4 g6 3. Nc3 Bg7 4. e4 d6 5. d4 O-O 6. h3 e5 7. d5 Nh5 8. Be3 Na6 9. Nd2 c6 10. Rb1 cxd5 11. cxd5 Bd7 12. g3 Rc8 13. Be2 Nf6 14. h4 h5 15. f3 Nc5 16. Rc1 a5 17. Nb5 Ne8 18. a4 b6 19. Nc4 Bxb5 20. axb5 f5 21. exf5 gxf5 22. Rg1 Kh8 23. Bg5 Bf6 24. f4 exf4 25. gxf4 Qe7 26. Kf1 Ne4 27. Bxh5 Rc5 28. Bf3 Ng7 29. Nxb6 Qc7 30. Rxc5 Qxc5 31. Na4 Qf2# 0-1


[Site "https://www.chess.com"]

[Event "Titled Tuesday Blitz May 30 Late 2023"]
[White "Bruedigam, Martin"]
[Black "Vlassov, Nikolai"]
[WhiteFideId "24608033"]
[BlackFideId "4103360"]
[WhiteElo "2331"]
[BlackElo "2324"]
[Result "0-1"]
[Round "10"]
[TimeControl "180+2"]
[Date "2023.05.31"]
[WhiteClock "0:00:01"]
[BlackClock "0:00:20"]

1. d4 Nf6 2. c4 Nc6 3. Nf3 e6 4. Nc3 Bb4 5. Bd2 d6 6. e3 O-O 7. Be2 e5 8. O-O Bg4 9. a3 Bxc3 10. Bxc3 Ne4 11. Rc1 Nxc3 12. Rxc3 Qf6 13. dxe5 dxe5 14. Nd2 Bxe2 15. Qxe2 Qg6 16. Nb3 Rad8 17. Nc5 b6 18. Nb3 Rd7 19. c5 Rfd8 20. cxb6 cxb6 21. Rfc1 Ne7 22. h3 h5 23. R3c2 Nf5 24. e4 Nd4 25. Nxd4 Rxd4 26. f3 Qg5 27. Rc8 Kh7 28. R8c2 Rd2 29. Qf1 Qe3+ 30. Kh1 g6 31. Kh2 Kg7 32. Kh1 g5 33. Kh2 g4 34. Rxd2 Rxd2 35. Rc3 Qf4+ 36. Kh1 Rxb2 37. hxg4 hxg4 38. Qc1 g3 39. Rc7 0-1


[Site "https://www.chess.com"]

[Event "Titled Tuesday Blitz May 30 Late 2023"]
[White "Gubajdullin, Alexei"]
[Black "Dragomirescu, Robin-Alexandru"]
[WhiteFideId "4141202"]
[BlackFideId "1213849"]
[WhiteElo "2279"]
[BlackElo "2356"]
[Result "1/2-1/2"]
[Round "10"]
[TimeControl "180+2"]
[Date "2023.05.31"]
[WhiteClock "0:01:29"]
[BlackClock "0:01:19"]

1. d4 Nf6 2. Nf3 d5 3. Bf4 Bf5 4. e3 c6 5. c4 Nbd7 6. Qb3 Qb6 7. c5 Qxb3 8. axb3 Bxb1 9. Rxb1 Nh5 10. b4 Nxf4 11. exf4 a6 12. Ra1 Rc8 13. g3 e6 14. Bh3 g6 15. Kd2 Bg7 16. Bg4 Nf6 17. Bh3 Kd8 18. Ne5 Rf8 19. f3 Nd7 20. Rhe1 Nxe5 21. fxe5 h5 22. Kd3 Rh8 23. f4 Ke7 24. Rg1 Rh7 25. Bf1 Kd7 26. h3 Rch8 27. Ke3 Kc7 28. Bd3 Bf8 29. Ra2 Be7 30. Rga1 Rh6 31. Kf3 R6h7 32. Bc2 Rh6 33. Bd3 R6h7 34. Bf1 Rh6 35. b3 R6h7 36. Rh2 Rh6 37. Bd3 R6h7 38. Rah1 Rh6 39. Kg2 R6h7 40. Ra1 Rh6 41. Rah1 R6h7 42. Kf3 Rh6 43. Ke2 R6h7 44. Bc2 Rh6 45. Kf3 R6h7 46. Kg2 Rh6 47. Bd3 1/2-1/2


[Site "https://www.chess.com"]

[Event "Titled Tuesday Blitz May 30 Late 2023"]
[White "Filgueira, Hernan"]
[Black "Bernabeu Lopez, Carlos Javier"]
[WhiteFideId "101770"]
[BlackFideId "2235366"]
[WhiteElo "2363"]
[BlackElo "2344"]
[Result "0-1"]
[Round "10"]
[TimeControl "180+2"]
[Date "2023.05.31"]
[WhiteClock "0:00:06"]
[BlackClock "0:01:25"]

1. c4 Nf6 2. Nc3 g6 3. g3 Bg7 4. Bg2 O-O 5. d3 d6 6. e4 c5 7. Nge2 Nc6 8. O-O Ne8 9. Be3 Nc7 10. d4 cxd4 11. Nxd4 Bd7 12. Qd2 Rc8 13. Nde2 Ne6 14. b3 Re8 15. Rad1 Qa5 16. f3 h5 17. h4 b6 18. Kh2 Qa6 19. f4 Nf8 20. Nd5 Nh7 21. Nec3 Bg4 22. Rc1 Qb7 23. Nb5 Qb8 24. f5 Ne5 25. Nf4 Nf6 26. Nc3 Kh7 27. Ncd5 Qb7 28. Nxf6+ Bxf6 29. Nd5 Rf8 30. Bh6 Bg7 31. Bg5 f6 32. fxg6+ Nxg6 33. Be3 Qd7 34. Nf4 Nxf4 35. gxf4 Bh6 36. f5 Bxe3 37. Qxe3 Rg8 38. Rf4 Qc7 39. Bh3 Bxh3 40. Kxh3 Qc5 41. Qf3 Kh6 42. Rc2 Qg1 43. Qf2 Rg7 44. Qxg1 Rxg1 45. Rg2 Rg8 46. Rff2 R8xg2 47. Rxg2 Re1 48. Rg8 Rxe4 49. Ra8 Re3+ 50. Kg2 Re2+ 51. Kf3 Rxa2 52. Re8 Rb2 53. Rxe7 Rxb3+ 54. Ke4 a5 55. Rf7 a4 56. Rxf6+ Kg7 57. Rxd6 a3 58. Rd7+ Kf6 59. Ra7 Rh3 60. Ra6 Rxh4+ 61. Kd5 Rh3 62. Rxb6+ Kxf5 63. Ra6 Rd3+ 64. Kc5 h4 65. Kb4 h3 66. Rh6 a2 67. Ra6 h2 0-1


[Site "https://www.chess.com"]

[Event "Titled Tuesday Blitz May 30 Late 2023"]
[White "Estrada Nieto, Julian"]
[Black "Hossain, Enamul"]
[WhiteFideId "5101018"]
[BlackFideId "10200649"]
[WhiteElo "2161"]
[BlackElo "2433"]
[Result "1-0"]
[Round "10"]
[TimeControl "180+2"]
[Date "2023.05.31"]
[WhiteClock "0:00:03"]
[BlackClock "0:00:02"]

1. e4 c5 2. Nf3 Nc6 3. Bb5 e5 4. O-O Bd6 5. c3 a6 6. Ba4 b5 7. Bc2 Nge7 8. a4 Rb8 9. axb5 axb5 10. d4 cxd4 11. cxd4 Nxd4 12. Nxd4 exd4 13. Nd2 O-O 14. Nf3 Nc6 15. Bb3 Qf6 16. Re1 h6 17. Bd5 Bf4 18. Bxc6 dxc6 19. Qxd4 Qxd4 20. Nxd4 Bxc1 21. Rexc1 Bd7 22. Nxc6 Bxc6 23. Rxc6 Rfd8 24. Rc2 Rd4 25. f3 Rbd8 26. Rac1 Rd2 27. b3 g5 28. Rxd2 Rxd2 29. Rc5 b4 30. Rc4 Rb2 31. Rxb4 Kg7 32. Rb6 h5 33. h3 h4 34. b4 Kh7 35. b5 Kg7 36. Kh2 Kh7 37. e5 Rb1 38. Rb7 Kg6 39. Rb6+ Kg7 40. Rb8 Kg6 41. b6 Kf5 42. b7 Kf4 43. e6 Ke3 44. exf7 1-0


[Site "https://www.chess.com"]